 Dungeon Crawl Stone Soup version 0.21.0 (webtiles) character file.

62 Manul the Skirmisher (level 3, -5/33 HPs)
             Began as a Draconian Chaos Knight on Jan 6, 2018.
             Killed from afar by Sigmund (6 damage)
             ... with a wand of flame (28)
             ... on level 2 of the Dungeon.
             The game lasted 00:01:44 (1485 turns).

Manul the Skirmisher (Draconian Chaos Knight)       Turns: 1485, Time: 00:01:45

Health: -5/33      AC:  6    Str: 14    XL:     3   Next: 85%
Magic:  3/3        EV: 12    Int: 12    God:    Xom [...*..]
Gold:   60         SH:  0    Dex: 11    Spells: 2/2 levels left

rFire    . . .     SeeInvis .   a - +1 hand axe (chaos)
rCold    . . .     Gourm    .   (no shield)
rNeg     . . .     Faith    .   (armour unavailable)
rPois    .         Spirit   .   (helmet restricted)
rElec    .         Reflect  .   (no cloak)
rCorr    .         Harm     .   g - +0 pair of gloves
MR       .....                  (no boots)
Stlth    +.........             (no amulet)
HPRegen  0.11/turn              (no ring)
MPRegen  0.08/turn              (no ring)

@: about to teleport
A: unfitting armour, cold-blooded, AC +5
a: Renounce Religion


You were on level 2 of the Dungeon.
You worshipped Xom.
You were a favourite toy of Xom.
You were not hungry.

You visited 1 branch of the dungeon, and saw 2 of its levels.

You collected 60 gold pieces.

Inventory:

Hand Weapons
 a - a +1 hand axe of chaos (weapon)
Armour
 e - a +0 buckler
 g - a +0 pair of gloves (worn)
Scrolls
 f - a scroll of enchant armour {unknown}
 h - a scroll of amnesia {unknown}
 i - a scroll of remove curse {unknown}
 k - a scroll of identify
 l - a scroll of noise {unknown}
 m - 2 scrolls of teleportation
 n - a scroll of magic mapping {unknown}
Comestibles
 b - 3 rations


   Skills:
 + Level 4.0 Fighting
 + Level 3.9 Axes
 + Level 2.6 Dodging


You had 2 spell levels left.
You didn't know any spells.

Dungeon Overview and Level Annotations

Branches:
Dungeon (2/15)

Altars:
Ru
Wu Jian

Annotations:
D:2 Sigmund


Innate Abilities, Weirdness & Mutations

Your plain brown scales are hard. (AC +5)
You cannot fit into any form of body armour.
You are cold-blooded and may be slowed by cold attacks.


Message History

Sigmund zaps a wand.
The puff of flame hits you!
It is a wand of flame (29).
Sigmund gestures at you while chanting. The puff of flame hits you!
* * * LOW HITPOINT WARNING * * *
You aren't carrying any items that you can evoke.
As you read the scroll labeled IRAOGACVEG, it crumbles to dust.
It is a scroll of enchant weapon.
Your +0 hand axe of chaos glows red for a moment.
Sigmund zaps a wand.
The puff of flame hits you!
* * * LOW HITPOINT WARNING * * *
Unknown command.
As you read the scroll labeled ZAUL JUTU UNY, it crumbles to dust.
It is a scroll of identify.
m - 3 scrolls of teleportation
As you read the scroll of teleportation, it crumbles to dust.
You feel strangely unstable.
Sigmund giggles. "Time to reap what you sow."
Sigmund zaps a wand.
The puff of flame hits you!
You die...
Xom howls with laughter!

#.#.#
#.#.#
#.#@#
#####.#.#
#.....#.#
###.###.#
#.# #.#
#.# #.♣
#[# #@♣
#.# #.♣
#.# ♣.♣
#.♣♣♣♣♣
#.♣≈♣♣♣≈.≈
#..≈.≈≈.≈.
#.≈♣P♣P≈≈.
#.♣♣ ♣ P
#.# ♣♣


You could see Sigmund.

Vanquished Creatures
  Natasha (D:2)
  An adder (D:2)
  A dart slug (D:1)
  2 leopard geckos
  2 orcs (D:2)
  A ball python (D:1)
  2 bats
  2 goblins (D:1)
  5 jackals (D:1)
  3 frilled lizards (D:1)
  2 kobolds (D:1)
  A rat (D:1)
23 creatures vanquished.

Notes
Turn   | Place    | Note
-------+----------+-------------------------------------------
     0 | D:1      | Manul the Draconian Chaos Knight began the quest for the Orb.
     0 | D:1      | Reached XP level 1. HP: 19/19 MP: 1/1
    62 | D:1      | XOM: divination: magic mapping
   109 | D:1      | Reached XP level 2. HP: 6/26 MP: 2/2
   383 | D:1      | XOM: cloud trail
   698 | D:1      | XOM: silly message
  1068 | D:2      | XOM: harmless Tmut miscast
  1114 | D:2      | Found a sacrificial altar of Ru.
  1144 | D:2      | Found an ornate altar of the Wu Jian Council.
  1158 | D:2      | Reached XP level 3. HP: 31/33 MP: 3/3
  1328 | D:2      | Noticed Natasha
  1338 | D:2      | Killed Natasha
  1338 | D:2      | Reached skill level 4 in Fighting
  1386 | D:2      | XOM: summons 3 friendly demons
  1459 | D:2      | Noticed Sigmund
  1480 | D:2      | HP: 1/33 [Sigmund/wand of flame (29) (9)]
  1485 | D:2      | Killed from afar by Sigmund

Skill      XL: |  1  2  3 |
---------------+----------+-----
Fighting       | 4 |  4.0
Axes           | |  3.9
Dodging        | |  2.6

Action                   || total
-------------------------++-------
Melee: Hand axe          ||    91
       Tailslap          ||     4
  Use: Scroll            ||     3
       Potion            ||     2
 Stab: Paralysed         ||     1
  Eat: Chunk             ||     2
Armor: Skin              ||    30
Dodge: Dodged            ||    60
